 Dungeon Crawl Stone Soup version 0.30-a0-800-g7c544603b3 (webtiles) character file.

Game seed: 2118818257011421951

40 JumpingJurisdiction the Ducker (level 3, -3/25 HPs)
             Began as a Djinni Fire Elementalist on Feb 21, 2023.
             Slain by an iguana (11 damage)
             ... on level 3 of the Dungeon.
             The game lasted 00:03:40 (430 turns).

JumpingJurisdiction the Ducker (DjFE)                Turns: 430, Time: 00:03:40

Health: -3/25      AC:  2    Str:  9    XL:     3   Next: 72%
Gold:   58         EV: 12    Int: 16    God:
                   SH:  0    Dex: 13

rFire   + + .      SeeInvis .    c - +0 spear
rCold   x . .      Faith    .    (no shield)
rNeg    . . .      Spirit   .    e - +0 robe
rPois   ∞          Reflect  .    (no helmet)
rElec   .          Harm     .    (no cloak)
rCorr   .          Rampage  .    (no gloves)
Will    .....                    (boots unavailable)
Stlth   ++                       (no amulet)
HPRegen 0.24/turn                (no ring)
MPRegen 0.00/turn                (no ring)

@: flying
A: sickness immunity, fire resistance 2, cold vulnerability 1, float, innate
caster, HP casting, extra vitality 1
a: no special abilities


You were on level 3 of the Dungeon.
You visited 1 branch of the dungeon, and saw 4 of its levels.

You collected 58 gold pieces.

Inventory:

Hand Weapons
 c - a +0 spear (weapon)
 d - a +0 short sword
Armour
 a - a +0 robe
 e - a +0 robe (worn)
Scrolls
 f - a scroll of blinking {unknown}
Potions
 b - a potion of heal wounds {unknown}


   Skills:
 + Level 3.0 Dodging
 + Level 2.2 Stealth
 + Level 2.8 Spellcasting


You knew the following spells:

 Your Spells              Type           Power      Damage    Failure   Level
a - Foxfire               Conj/Fire      44%        2x1d6     6%          1
b - Scorch                Fire           22%        2d6       9%          2
c - Kindle Blastsparks    Fire/Tloc/Air  22%        2d11      19%         3
d - Inner Flame           Hex/Fire       11%        N/A       19%         3
e - Flame Wave            Conj/Fire      11%        2d6       52%         4
f - Sting                 Tmut/Pois      44%        1d5       6%          1
Your spell library was empty.

Dungeon Overview and Level Annotations

Branches:
Dungeon (4/15)
 Temple: D:4-7

Altars:


Innate Abilities, Weirdness & Mutations

You are immune to sickness and miasma.
You are immune to poison.
Your flesh is very heat resistant. (rF++)
You are vulnerable to cold. (rC-)
You float through the air rather than walking.
You learn spells naturally, not from books.
Your magical power is your life essence.
You have superior vitality. (+4 MHP)


Message History

You reach down and open the large door.
There is a large open door here.
There is a large open door here.
You now have 58 gold pieces (gained 12).
You reach down and open the door.
There is an open door here.
An iguana comes into view.
Casting: Foxfire (safe; 6% risk of failure)
Confirm with . or Enter, or press ? or * to list all spells.
You conjure some foxfire!
Casting: Foxfire (safe; 6% risk of failure)
Confirm with . or Enter, or press ? or * to list all spells.
You conjure some foxfire!
Your foxfire dissipates!
The foxfire hits the iguana but does no damage.
The foxfire hits the iguana.
The iguana is lightly wounded.
The foxfire hits the iguana but does no damage.
The iguana is lightly wounded.
The iguana bites you!
Casting: Foxfire (safe; 6% risk of failure)
Confirm with . or Enter, or press ? or * to list all spells.
You conjure some foxfire!
The iguana barely misses you.
Casting: Foxfire (safe; 6% risk of failure)
Confirm with . or Enter, or press ? or * to list all spells.
You conjure some foxfire!
The foxfire hits the iguana.
The iguana is moderately wounded.
The foxfire hits the iguana but does no damage.
The iguana is moderately wounded.
The iguana bites you.
Casting: Foxfire (safe; 6% risk of failure)
Confirm with . or Enter, or press ? or * to list all spells.
You conjure some foxfire!
* * * LOW HITPOINT WARNING * * *
The foxfire hits the iguana but does no damage.
The iguana is moderately wounded.
The foxfire hits the iguana.
The iguana is heavily wounded.
The iguana bites you!
You die...

#.# #.# #.# #.# #.# #.#
##############.#########
................@v......
##############..lv######
####.# .# .# .# .# .#


You could see an iguana (ally target).

Vanquished Creatures
  3 gnolls (D:3)
  An orc (D:3)
  2 ball pythons (D:3)
  2 hobgoblins (D:3)
  A bat (D:3)
  2 kobolds (D:3)
  A rat (D:3)
12 creatures vanquished.

Vanquished Creatures (others)
  53 foxfires (D:3)
53 creatures vanquished.

Grand Total: 65 creatures vanquished

Notes
Turn   | Place    | Note
-------+----------+-------------------------------------------
     0 | D:1      | JumpingJurisdiction the Djinni Fire Elementalist began the
                  | quest for the Orb.
     0 | D:1      | JumpingJurisdiction set off with the following spells
                  | memorised: Foxfire, Scorch, Kindle Blastsparks, Inner
                  | Flame, Flame Wave.
     0 | D:1      | Reached XP level 1. HP: 15/15 MP: 0/0
    93 | D:4      | Noticed a centaur
    93 | D:4      | Noticed a centaur
   122 | D:3      | Reached XP level 2. HP: 15/21 MP: 0/0
   162 | D:3      | Reached XP level 3. HP: 14/25 MP: 0/0
   162 | D:3      | Learned a level 1 spell: Sting
   165 | D:3      | Reached skill level 3 in Dodging
   430 | D:3      | Slain by an iguana

Illustrated notes

Levels and vault maps discovered:
D:1:      lemuel_arrival_river_ford, layout_loops_ring,
          ebering_ecumenical_altar_ruins, chequers_avenue,
          minmay_indecisive_spiral
D:2:      layout_rooms
D:3:      cheibrodos_greedy_goblins, layout_basic, minmay_misc_feat_tiny,
          nrook_campfire, chequers_serial_rivers_micro_e
D:4:      wander_river, layout_rooms, kennysheep_mini, kennysheep_mini_moat,
          serial_shops, shop, ebering_ghost_rock_garden, minmay_manual_mares

Skill      XL: |  1  2  3 |
---------------+----------+-----
Stealth        | 2 |  2.2
Dodging        | 3 |  3.0
Spellcasting   | |  2.8

Action                     || total
---------------------------++-------
  Melee: Unarmed           ||     2
   Cast: Foxfire           ||    33
  Dodge: Dodged            ||     9

Table legend: (Time is in decaauts)
 A = Elapsed time spent in this place.
 B = Non-inter-level travel time spent in this place.
 C = Inter-level travel time spent in this place.
 D = Time resting spent in this place.
 E = Time spent auto-exploring this place.
 F = Levels seen in this place.
 G = Mean time per level.
                   A        B        C        D        E       F      G
               +--------+--------+--------+--------+--------+-----+--------+
         Total |    429 |    156 |    273 |     52 |      0 |   4 |  107.2 |
       Dungeon |    429 |    156 |    273 |     52 |      0 |   4 |  107.2 |
               +--------+--------+--------+--------+--------+-----+--------+

Top non-repeatable levels by time:
     D:3: 397 daAuts
     D:1: 13 daAuts
     D:4: 9 daAuts
     D:2: 8 daAuts
